 Dungeon Crawl Stone Soup version 0.31-a0-300-g4ac5daa9c1 (webtiles) character file.

Game seed: 4350060951632457279

1064 Crownlay the Conjurer (level 8, 0/66 HPs)
             Began as a Red Draconian Conjurer on July 16, 2023.
             Slain by a gnoll bouda
             ... wielding a +0 club
              (5 damage)
             ... on level 5 of the Dungeon.
             The game lasted 00:07:28 (5198 turns).

Crownlay the Conjurer (Red Draconian Conjurer)      Turns: 5198, Time: 00:07:28

Health: 0/66       AC:  7    Str: 10    XL:     8   Next: 6%
Magic:  14/17      EV: 12    Int: 21    God:
Gold:   254        SH:  0    Dex:  9    Spells: 16/19 levels left

rFire   + . .        j - +3 mace "Poygiuga" {venom, rC+ SInv}
rCold   + . .        (no shield)
rNeg    . . .        (body armour unavailable)
rPois   .            (helmet restricted)
rElec   .            (no cloak)
rCorr   .            (no gloves)
SInv    +            i - +0 pair of boots
Will    .....        (no amulet)
Stlth   ++           (no ring)
HPRegen 0.31/turn    (no ring)
MPRegen 0.15/turn

%: no passive effects
@: weakened, hasted, very quick
A: breathe fire, AC +6, unfitting armour, fire resistance 1, cold-blooded
a: Breathe Fire


You were on level 5 of the Dungeon.
You visited 1 branch of the dungeon, and saw 5 of its levels.

You collected 254 gold pieces.

Inventory:

Hand Weapons
 j - the +3 mace "Poygiuga" (weapon) {venom, rC+ SInv}
   (You found it on level 2 of the Dungeon)

   rC:        It protects you from cold.
   SInv:      It lets you see invisible.
Missiles
 r - a throwing net
Armour
 i - a +0 pair of boots (worn)
Jewellery
 d - a +6 ring of dexterity
 f - a +5 ring of evasion
 n - a ring of protection from fire
 s - a ring of fire
Wands
 t - a wand of quicksilver (10)
 x - a wand of roots (12)
Scrolls
 g - 3 scrolls of identify
 h - a scroll of vulnerability {unknown}
 k - 2 scrolls of revelation
 l - a scroll of torment {unknown}
 o - a scroll of enchant weapon {unknown}
 p - a scroll of enchant armour {unknown}
 q - a scroll of summoning {unknown}
 u - a scroll of brand weapon {unknown}
 v - a scroll of blinking {unknown}
 w - a scroll of immolation
Potions
 c - a potion of lignification {unknown}
 m - a potion of mutation {unknown}
 z - a potion of brilliance {unknown}
 A - a potion of cancellation {unknown}
 B - a potion of curing {unknown}


   Skills:
 - Level 4.0 Fighting
 - Level 1.7 Dodging
 - Level 1.7 Stealth
 - Level 6.0 Spellcasting
 - Level 6.0 Conjurations
 + Level 4.4 Fire Magic


You had 16 spell levels left.
You knew the following spells:

 Your Spells              Type           Power      Damage    Failure   Level
a - Magic Dart            Conj           100%       1d8       1%          1
b - Searing Ray           Conj           62%        2d6       1%          2

Your spell library contained the following spells:

 Spells                   Type           Power      Damage    Failure   Level
 Dazzling Flash           Conj/Hex       36%        N/A       9%          3
 Apportation              Tloc           12%        N/A       10%         1
 Sublimation of Blood     Necr           6%         N/A       14%         2
 Wereblood                Tmut           6%         N/A       14%         2
 Fulminant Prism          Conj/Hex       9%         3d7       28%         4
 Iskenderun's Mystic Bla  Conj/Tloc      18%        2d6       28%         4
 Alistair's Intoxication  Tmut/Pois      4%         N/A       95%         5
 Summon Hydra             Summ           3%         N/A       100%        7


Dungeon Overview and Level Annotations

Branches:
Dungeon (5/15)
 Temple: D:4-7

Altars:
Elyvilon


Innate Abilities, Weirdness & Mutations

You can breathe blasts of fire.
Your fiery red scales are hard. (AC +6)
You cannot fit into any form of body armour.
Your flesh is heat resistant. (rF+)
You are cold-blooded and may be slowed by cold attacks.


Message History

The orc priest calls down the wrath of Beogh upon you.
Beogh smites you!
* * * LOW HITPOINT WARNING * * *
The hound barks!
The searing ray hits the gnoll!
The gnoll is severely wounded.
The searing ray hits the orc priest.
The orc priest is moderately wounded.
The gnoll hits you with a +0 flail.
* * * LOW HITPOINT WARNING * * *
The gnoll hits you with a +0 club.
* * * LOW HITPOINT WARNING * * *
The gnoll bouda closely misses you.
The searing ray hits the gnoll.
The gnoll is almost dead.
The searing ray hits the orc priest but does no damage.
The orc priest is moderately wounded.
The gnoll barely misses you. The gnoll closely misses you.
The gnoll bouda barely misses you.
As you read the scroll labelled WEOVY XELISH, it crumbles to dust.
It is a scroll of identify.
k - 2 scrolls of revelation Your attacks no longer feel as feeble.
The gnoll hits you but does no damage. x2
The gnoll bouda gazes fiercely through you!
You feel your attacks grow feeble.
The gnoll bouda hits you with a +0 club.
* * * LOW HITPOINT WARNING * * *
The orc priest begins to cast a cantrip, but forgets the words!
This is a scroll of acquirement!
Something appears at your feet!
The gnoll is no longer moving quickly.
The gnoll misses you. The gnoll completely misses you.
The gnoll bouda completely misses you. The orc priest misses you.
Okay, then.
It was a potion of haste.
You feel yourself speed up. The gnoll hits you with a +0 flail.
* * * LOW HITPOINT WARNING * * *
The gnoll hits you but does no damage.
The gnoll bouda hits you with a +0 club.
You die...

###......#.####
.###...##.....#.#
##.............###
.............#†##
....#........##†##
.................#
.........##.....#
#........#...og# .
#....).)...hg@#
..##.<....##...g##
......g...##....#
........#####.###
........# #.#
.......## ###
....g... )....#...
.....##...


You could see a gnoll bouda, a hound, an orc priest and 2 gnolls.

Vanquished Creatures
  Sigmund (D:2)
  An ice beast (D:5)
  2 ogres (D:5)
  The ghost of bmj180 the Chiller, an amateur MfIE of Sif Muna (D:3)
  A phantom (D:5)
  2 scorpions
  A hound (D:5)
  An orc priest (D:5)
  2 iguanas (D:5)
  Jessica (D:2)
  3 orc wizards
  6 adders
  2 gnolls
  4 orcs
  5 ball pythons
  5 endoplasms
  3 giant cockroaches
  14 goblins
  10 hobgoblins
  17 jackals
  7 kobolds
  A quokka (D:2)
  4 bats (D:2)
  5 frilled lizards
  6 rats
105 creatures vanquished.

Notes
Turn   | Place    | Note
-------+----------+-------------------------------------------
     0 | D:1      | Crownlay the Draconian Conjurer began the quest for the
                  | Orb.
     0 | D:1      | Reached XP level 1. HP: 14/14 MP: 3/3
   239 | D:1      | Reached XP level 2. HP: 16/20 MP: 0/5
   307 | D:1      | Learned a level 2 spell: Searing Ray
   672 | D:1      | Found a faded altar of an unknown god.
  1027 | D:2      | You fall into a shaft and drop 1 floor!
  1094 | D:3      | Reached XP level 3. HP: 26/26 MP: 2/7
  1589 | D:2      | Reached XP level 4. HP: 33/33 MP: 7/9
  1774 | D:2      | Identified the +3 mace "Poygiuga" {venom, rC+ SInv}
  1955 | D:2      | Identified the +3 rapier of Fimbulwinter {spect, Dex+2
                  | Stlth+}
  2234 | D:2      | Noticed Sigmund
  2239 | D:2      | Killed Sigmund
  2240 | D:2      | Reached skill level 5 in Conjurations
  2240 | D:2      | Reached XP level 5. HP: 38/38 MP: 2/12
  2519 | D:2      | Noticed Jessica
  2522 | D:2      | Killed Jessica
  2523 | D:2      | Reached XP level 6. HP: 45/45 MP: 8/13
  2785 | D:3      | Reached skill level 5 in Spellcasting
  3290 | D:3      | Found a runed translucent door.
  3291 | D:3      | Noticed bmj180's ghost (amateur MfIE)
  3707 | D:3      | Killed bmj180's ghost
  3727 | D:3      | Identified the +3 scale mail "Lerhizeraj" {MP+9 Dex+3
                  | Slay-3 Stlth+}
  4350 | D:4      | Found a white marble altar of Elyvilon.
  4571 | D:5      | Entered Level 5 of the Dungeon
  4593 | D:5      | Noticed an ice beast
  4602 | D:5      | Killed an ice beast
  4603 | D:5      | Reached skill level 1 in Fighting
  4603 | D:5      | Your scales start taking on a fiery red colour.
  4603 | D:5      | Reached XP level 7. HP: 52/52 MP: 4/16
  4603 | D:5      | Gained mutation: Your flesh is heat resistant. (rF+) [Red
                  | Draconian growth]
  4646 | D:5      | Reached skill level 1 in Fire Magic
  5180 | D:5      | Reached XP level 8. HP: 45/66 MP: 8/17
  5197 | D:5      | Identified a scroll of acquirement
  5197 | D:5      | Acquired the +0 hat of Onoappug {rF+++ rC- rCorr Slay-2}
  5198 | D:5      | Slain by a gnoll bouda

Illustrated notes

Levels and vault maps discovered:
D:1:      lightli_arrival_chessboard, layout_basic,
          shapermc_ecumenical_altar_mp_urbaneastern
D:2:      minmay_thinvault, layout_loops_cross, uniq_jessica, uniq_sigmund
D:3:      layout_loops_corners, ebering_ghost_inner_flame
D:4:      layout_rooms, lemuel_doored_altar, kennysheep_small_spiral
D:5:      nicolae_BIG_FREAKIN_CUBE, layout_cave_pools,
          nicolae_overflow_hidden_temple, minmay_temple_entry_mini_moons,
          uniq_prince_ribbit1

Skill      XL: |  1  2  3  4  5  6  7 |
---------------+----------------------+-----
Spellcasting   | 3 4 6 |  6.0
Conjurations   | 5 6 |  6.0
Fighting       | 1 4 |  4.0
Fire Magic     | 4 |  4.4
Dodging        | |  1.7
Stealth        | |  1.7

Action                     |  1- 3 |  4- 6 |  7- 9 || total
---------------------------+-------+-------+-------++-------
  Melee: Dagger            |    23 |       |       ||    23
         Tailslap          |     2 |       |       ||     2
   Cast: Magic Dart        |    64 |    66 |    15 ||   145
         Searing Ray       |     1 |    16 |    15 ||    32
    Use: Scroll            |       |       |     2 ||     2
         Potion            |       |       |     2 ||     2
 Armour: Skin              |    12 |    17 |     9 ||    38
  Dodge: Dodged            |    22 |    24 |    21 ||    67

Table legend: (Time is in decaauts)
 A = Elapsed time spent in this place.
 B = Non-inter-level travel time spent in this place.
 C = Inter-level travel time spent in this place.
 D = Time resting spent in this place.
 E = Time spent auto-exploring this place.
 F = Levels seen in this place.
 G = Mean time per level.
                   A        B        C        D        E       F      G
               +--------+--------+--------+--------+--------+-----+--------+
         Total |   5198 |   5069 |    129 |      0 |   4533 |   5 | 1039.6 |
       Dungeon |   5198 |   5069 |    129 |      0 |   4533 |   5 | 1039.6 |
               +--------+--------+--------+--------+--------+-----+--------+

Top non-repeatable levels by time:
     D:2: 1552 daAuts
     D:3: 1362 daAuts
     D:1: 1027 daAuts
     D:4: 630 daAuts
     D:5: 626 daAuts
